UAA
SANTA BARBARA STREAK @ IRVING BLUE SOX
08/31/2017
 
TOP OF THE 1ST
Santa Barbara Streak batting - Pitching for Irving Blue Sox : RHP Alberto Seguillo
Pitching: RHP Alberto Seguillo
Batting: SHB Terry Conley 0-0: Ball
1-0: Swinging Strike
1-1: Ball
2-1: SINGLE (Line Drive, 8LS)
Batting: RHB P.J. Hall 0-0: Ball
1-0: Called Strike
1-1: Foul Ball, location: 2F
1-2: Grounds into double play, 6-4-3 (Groundball, 6)
Batting: RHB Jim Unknown 0-0: Ball
1-0: Swinging Strike
1-1: Fly out, F7 (Line Drive, 7M)
Top of the 1st over - 0 run(s), 1 hit(s), 0 error(s), 0 left on base; Santa Barbara 0 - Irving 0
BOTTOM OF THE 1ST
Irving Blue Sox batting - Pitching for Santa Barbara Streak : RHP Il-gyung Kim
Pitching: RHP Il-gyung Kim
Batting: RHB Daniel Molina 0-0: Called Strike
0-1: Swinging Strike
0-2: Ball
1-2: Ball
2-2: Foul Ball, location: 2F
2-2: Ball
3-2: Base on Balls
Batting: RHB Anthony Johnston 0-0: DOUBLE (Flyball, 9M)
Daniel Molina to third
Batting: RHB Maurice Wiebe 0-0: Ball
1-0: Ground out 5-3 (Groundball, 56)
Daniel Molina scores
Batting: RHB Dustin Johnstone 0-0: Ball
1-0: Called Strike
1-1: Foul Ball, location: 2F
1-2: Fly out, F5 (Popup, 5F)
Pitching: RHP Luis Saldańa
Batting: SHB Ron Peterson 0-0: Foul Ball, location: 2F
0-1: Called Strike
0-2: Strikes out swinging
Bottom of the 1st over - 1 run(s), 1 hit(s), 0 error(s), 1 left on base; Santa Barbara 0 - Irving 1
TOP OF THE 2ND
Santa Barbara Streak batting - Pitching for Irving Blue Sox : RHP Alberto Seguillo
Batting: RHB Greg Hart 0-0: Called Strike
0-1: Ball
1-1: Ball
2-1: Ball
3-1: DOUBLE (Flyball, 8RXD)
Batting: RHB Alberto Ortíz 0-0: Called Strike
0-1: Ball
1-1: Swinging Strike
1-2: SINGLE (Groundball, 4MD)
Greg Hart to third
Batting: RHB Michael Hicks 0-0: Ball
1-0: Foul Ball, location: 2F
1-1: Ball
2-1: Fly out, F5 (Popup, 25F)
Batting: RHB Wayne Cameron 0-0: Ball
1-0: Ball
2-0: Fly out, F8 (Flyball, 8LM)
Runner from 3rd tags up, SCORES, throw made
Now at C: Raymond Thomas
Batting: RHB Gil Lowe 0-0: Ball
Alberto Ortíz steals 2nd base
1-0: Foul Ball, location: 2F
1-1: Called Strike
1-2: Foul Ball, location: 2F
1-2: Ground out 6-3 (Groundball, 6)
Top of the 2nd over - 1 run(s), 2 hit(s), 0 error(s), 1 left on base; Santa Barbara 1 - Irving 1
BOTTOM OF THE 2ND
Irving Blue Sox batting - Pitching for Santa Barbara Streak : RHP Luis Saldańa
Batting: RHB Wes Bradley 0-0: Called Strike
0-1: SINGLE (Flyball, 9LS)
Batting: RHB Dennis Newell 0-0: Ball
1-0: Ball
2-0: SINGLE (Line Drive, 78S)
Wes Bradley to second
Batting: RHB Alfredo Chávez 0-0: Called Strike
0-1: Ball
1-1: Called Strike
1-2: Ball
2-2: Strikes out swinging
Batting: RHB Robbie Young 0-0: Called Strike
0-1: Ball
1-1: SINGLE (Flyball, 89M)
Wes Bradley to third
Dennis Newell to second
Batting: RHB Daniel Molina 0-0: Ball
1-0: Ball
2-0: Ball
3-0: Called Strike
3-1: Fly out, F8 (Flyball, 8LD)
Runner from 3rd tags up, SCORES, no throw
Dennis Newell to third
Batting: RHB Anthony Johnston 0-0: Called Strike
0-1: Ball
1-1: Ball
2-1: Ball
3-1: Foul Ball, location: 2F
3-2: Strikes out swinging
Bottom of the 2nd over - 1 run(s), 3 hit(s), 0 error(s), 2 left on base; Santa Barbara 1 - Irving 2
TOP OF THE 3RD
Santa Barbara Streak batting - Pitching for Irving Blue Sox : RHP Alberto Seguillo
Batting: RHB Ángel González 0-0: Ball
1-0: Foul Ball, location: 2F
1-1: SINGLE (Popup, 3)
Batting: SHB Terry Conley 0-0: Called Strike
0-1: Ball
1-1: Fly out, F9 (Flyball, 8RM)
Batting: RHB P.J. Hall 0-0: Ball
1-0: Called Strike
1-1: Fielders Choice at 2nd, 4-6 (Groundball, 4)
Batting: RHB Jim Unknown 0-0: Swinging Strike
0-1: Ball
1-1: Ball
2-1: Ball
3-1: Base on Balls
P.J. Hall to second
Batting: RHB Greg Hart 0-0: Foul Ball, location: 2F
0-1: Ball
1-1: Called Strike
1-2: Strikes out looking
Top of the 3rd over - 0 run(s), 1 hit(s), 0 error(s), 2 left on base; Santa Barbara 1 - Irving 2
BOTTOM OF THE 3RD
Irving Blue Sox batting - Pitching for Santa Barbara Streak : RHP Luis Saldańa
Batting: RHB Maurice Wiebe 0-0: Called Strike
0-1: Ball
1-1: Fly out, F7 (Flyball, 78D)
Batting: LHB Raymond Thomas 0-0: Ball
1-0: Ball
2-0: Fly out, F5 (Popup, 25)
Batting: SHB Ron Peterson 0-0: Fly out, F8 (Flyball, 8LM)
Bottom of the 3rd over - 0 run(s), 0 hit(s), 0 error(s), 0 left on base; Santa Barbara 1 - Irving 2
TOP OF THE 4TH
Santa Barbara Streak batting - Pitching for Irving Blue Sox : RHP Alberto Seguillo
Batting: RHB Alberto Ortíz 0-0: Ball
1-0: Called Strike
1-1: Ball
2-1: Foul Ball, location: 2F
2-2: Foul Ball, location: 2F
2-2: SOLO HOME RUN (Flyball, 7D), Distance : 417 ft
Batting: RHB Michael Hicks 0-0: Ball
1-0: SINGLE (Groundball, 6M)
Batting: RHB Wayne Cameron 0-0: Called Strike
0-1: Swinging Strike
0-2: Foul Ball, location: 2F
0-2: Foul Ball, location: 2F
0-2: Ball
1-2: Foul Ball, location: 2F
1-2: Foul Ball, location: 2F
1-2: Ball
2-2: Ball
3-2: Base on Balls
Michael Hicks to second
Batting: RHB Gil Lowe 0-0: Called Strike
0-1: Swinging Strike
0-2: Strikes out looking
Pitching: RHP Luis Hernández
Batting: RHB Ángel González 0-0: Called Strike
0-1: Called Strike
0-2: Strikes out swinging
Batting: SHB Terry Conley 0-0: Ground out 1-3 (Groundball, 13S)
Top of the 4th over - 1 run(s), 2 hit(s), 0 error(s), 2 left on base; Santa Barbara 2 - Irving 2
BOTTOM OF THE 4TH
Irving Blue Sox batting - Pitching for Santa Barbara Streak : RHP Luis Saldańa
Batting: RHB Wes Bradley 0-0: Called Strike
0-1: Foul Ball, location: 2F
0-2: Ball
1-2: Strikes out swinging
Batting: RHB Dennis Newell 0-0: Ball
1-0: Called Strike
1-1: Ground out 5-3 (Groundball, 5L)
Pitching: RHP Sixto Mercado
Batting: RHB Alfredo Chávez 0-0: Ball
1-0: Called Strike
1-1: Swinging Strike
1-2: Ball
2-2: Ball
3-2: Fly out, F9 (Flyball, 89S)
Bottom of the 4th over - 0 run(s), 0 hit(s), 0 error(s), 0 left on base; Santa Barbara 2 - Irving 2
TOP OF THE 5TH
Santa Barbara Streak batting - Pitching for Irving Blue Sox : RHP Luis Hernández
Batting: RHB P.J. Hall 0-0: Swinging Strike
0-1: Ball
1-1: Foul Ball, location: 2F
1-2: Foul Ball, location: 2F
1-2: Strikes out swinging
Batting: RHB Jim Unknown 0-0: SINGLE (Groundball, 34S)
Batting: RHB Greg Hart 0-0: Ball
1-0: Fly out, F9 (Flyball, 9D)
Batting: RHB Alberto Ortíz 0-0: Called Strike
0-1: Ball
1-1: Ball
Balk!
Jim Unknown to second
2-1: Called Strike
2-2: Foul Ball, location: 2F
2-2: Strikes out looking
Top of the 5th over - 0 run(s), 1 hit(s), 0 error(s), 1 left on base; Santa Barbara 2 - Irving 2
BOTTOM OF THE 5TH
Irving Blue Sox batting - Pitching for Santa Barbara Streak : RHP Sixto Mercado
Batting: RHB Robbie Young 0-0: Ball
1-0: Ball
2-0: Foul Ball, location: 2F
2-1: Ground out 5-3 (Groundball, 5S)
Batting: RHB Daniel Molina 0-0: Called Strike
0-1: Ball
1-1: Ball
2-1: SOLO HOME RUN (Flyball, 7D), Distance : 412 ft
Batting: RHB Anthony Johnston 0-0: Called Strike
0-1: Ball
1-1: Swinging Strike
1-2: Foul Ball, location: 2F
1-2: Foul Ball, location: 2F
1-2: Foul Ball, location: 2F
1-2: SOLO HOME RUN (Line Drive, 7LD), Distance : 359 ft
Batting: RHB Maurice Wiebe 0-0: Swinging Strike
0-1: Ball
1-1: Ball
2-1: Swinging Strike
2-2: DOUBLE (Groundball, 5L)
Batting: LHB Raymond Thomas 0-0: Called Strike
Maurice Wiebe is caught stealing 3rd base
0-1: Called Strike
0-2: Strikes out swinging
Bottom of the 5th over - 2 run(s), 3 hit(s), 0 error(s), 0 left on base; Santa Barbara 2 - Irving 4
TOP OF THE 6TH
Santa Barbara Streak batting - Pitching for Irving Blue Sox : RHP Luis Hernández
Batting: RHB Michael Hicks 0-0: Ball
1-0: Called Strike
1-1: Ball
2-1: Fly out, F8 (Flyball, 78D)
Batting: RHB Wayne Cameron 0-0: Foul Ball, location: 2F
0-1: Ball
1-1: Ball
2-1: Swinging Strike
2-2: Fly out, F8 (Flyball, 78M)
Batting: RHB Gil Lowe 0-0: Fly out, F8 (Flyball, 8LM)
Top of the 6th over - 0 run(s), 0 hit(s), 0 error(s), 0 left on base; Santa Barbara 2 - Irving 4
BOTTOM OF THE 6TH
Irving Blue Sox batting - Pitching for Santa Barbara Streak : RHP Sixto Mercado
Pitching: LHP Rafael Colón
Batting: SHB Ron Peterson 0-0: Swinging Strike
0-1: Ball
1-1: Fly out, F8 (Flyball, 78M)
Batting: RHB Wes Bradley 0-0: Called Strike
0-1: Ball
1-1: Ball
2-1: Foul Ball, location: 2F
2-2: Ball
3-2: Foul Ball, location: 2F
3-2: Base on Balls
Batting: RHB Dennis Newell 0-0: Ball
1-0: Ball
2-0: SINGLE (Flyball, 8LS)
Wes Bradley to second
Runner from 2nd tries for 3rd, SAFE, no throw or cutoff
Batting: RHB Alfredo Chávez 0-0: Called Strike
Dennis Newell steals 2nd base
0-1: SINGLE (Groundball, 6MD)
Wes Bradley scores
Dennis Newell to third
Runner from 3rd tries for Home, SAFE, no throw or cutoff
Pitching: RHP Jim Unknown
Batting: RHB Robbie Young 0-0: Fly out, F4 (Line Drive, 4)
Batting: RHB Daniel Molina 0-0: Called Strike
0-1: Swinging Strike
0-2: Strikes out looking
Bottom of the 6th over - 2 run(s), 2 hit(s), 0 error(s), 1 left on base; Santa Barbara 2 - Irving 6
TOP OF THE 7TH
Santa Barbara Streak batting - Pitching for Irving Blue Sox : RHP Luis Hernández
Pitching: LHP José Bermúdez
Batting: RHB Ángel González 0-0: Ball
1-0: Foul Ball, location: 2F
1-1: Foul Ball, location: 2F
1-2: SINGLE (Line Drive, 78S)
Batting: SHB Terry Conley 0-0: Ball
1-0: Swinging Strike
1-1: Foul Ball, location: 2F
1-2: Foul Ball, location: 2F
1-2: Ball
2-2: Ball
3-2: Fly out, F3 (Popup, 9LSF)
Batting: RHB P.J. Hall 0-0: Called Strike
Ángel González steals 2nd base
0-1: Called Strike
0-2: Ball
1-2: SINGLE (Flyball, 89S)
Ángel González to third
Runner from 3rd tries for Home, SAFE, no throw or cutoff
Batting: RHB Jim Unknown 0-0: Foul Ball, location: 2F
0-1: Ball
1-1: Ball
2-1: Ball
3-1: Foul Ball, location: 2F
3-2: Fly out, F7 (Line Drive, 78S)
3-2: Fly out, F7 (Line Drive, 78S)
Batting: RHB Greg Hart 0-0: Called Strike
0-1: Ball
1-1: Called Strike
1-2: Foul Ball, location: 2F
1-2: Ball
2-2: Fielders Choice at 2nd, U6 (Groundball, 6M)
Top of the 7th over - 1 run(s), 2 hit(s), 0 error(s), 1 left on base; Santa Barbara 3 - Irving 6
BOTTOM OF THE 7TH
Irving Blue Sox batting - Pitching for Santa Barbara Streak : RHP Jim Unknown
Batting: RHB Anthony Johnston 0-0: Ball
1-0: Ball
2-0: Ground out 4-3 (Groundball, 4)
Batting: RHB Maurice Wiebe 0-0: Foul Ball, location: 2F
0-1: Foul Ball, location: 2F
0-2: Ball
1-2: Ball
2-2: Foul Ball, location: 2F
2-2: Fly out, F7 (Flyball, 78M)
Batting: LHB Raymond Thomas 0-0: Ball
1-0: Ball
2-0: Ground out 4-3 (Groundball, 4)
Bottom of the 7th over - 0 run(s), 0 hit(s), 0 error(s), 0 left on base; Santa Barbara 3 - Irving 6
TOP OF THE 8TH
Santa Barbara Streak batting - Pitching for Irving Blue Sox : LHP José Bermúdez
Batting: RHB Alberto Ortíz 0-0: Foul Ball, location: 2F
0-1: Swinging Strike
0-2: Ball
1-2: Foul Ball, location: 2F
1-2: Fly out, F8 (Line Drive, 8RS)
Batting: RHB Michael Hicks 0-0: Ball
1-0: Called Strike
1-1: Ball
2-1: Ball
3-1: Base on Balls
Pitching: RHP Carlos Velázquez
Batting: RHB Wayne Cameron 0-0: Swinging Strike
0-1: Swinging Strike
0-2: Ball
1-2: Ball
2-2: Strikes out looking
Batting: RHB Gil Lowe 0-0: Called Strike
0-1: Foul Ball, location: 2F
0-2: Ball
1-2: Fly out, F8 (Line Drive, 8LS)
Top of the 8th over - 0 run(s), 0 hit(s), 0 error(s), 1 left on base; Santa Barbara 3 - Irving 6
BOTTOM OF THE 8TH
Irving Blue Sox batting - Pitching for Santa Barbara Streak : RHP Jim Unknown
Batting: SHB Ron Peterson 0-0: Ball
1-0: SINGLE (Flyball, 8LS)
Batting: RHB Wes Bradley 0-0: Ball
1-0: Sac Bunt - play at first, batter OUT! 5-4
Ron Peterson to second
Batting: RHB Dennis Newell 0-0: Intentional Walk
Pitching: LHP Cliff Messer
Batting: RHB Alfredo Chávez 0-0: Ball
1-0: Ball
2-0: Ground out 5-3 (Groundball, 15S)
Ron Peterson to third
Dennis Newell to second
Batting: RHB Robbie Young 0-0: Called Strike
0-1: Foul Ball, location: 2F
0-2: Strikes out swinging
Bottom of the 8th over - 0 run(s), 1 hit(s), 0 error(s), 2 left on base; Santa Barbara 3 - Irving 6
TOP OF THE 9TH
Santa Barbara Streak batting - Pitching for Irving Blue Sox : RHP Carlos Velázquez
Pitching: LHP Bryan Jones
Batting: RHB Ángel González 0-0: Called Strike
0-1: Ball
1-1: Fly out, F8 (Flyball, 8LM)
Batting: SHB Terry Conley 0-0: Ball
1-0: Called Strike
1-1: Ball
2-1: Ball
3-1: Called Strike
3-2: Foul Ball, location: 2F
3-2: Ground out 6-3 (Groundball, 6M)
Batting: RHB P.J. Hall 0-0: Ball
1-0: Ball
2-0: Called Strike
2-1: Swinging Strike
2-2: Ball
3-2: Foul Ball, location: 2F
3-2: Foul Ball, location: 2F
3-2: Base on Balls
Batting: RHB Jim Unknown 0-0: Swinging Strike
0-1: Foul Ball, location: 2F
0-2: Ball
1-2: Strikes out swinging
Top of the 9th over - 0 run(s), 0 hit(s), 0 error(s), 1 left on base; Santa Barbara 3 - Irving 6
This league is powered by Out of the Park Baseball, the baseball management simulation game for PC, Mac and Linux
Saturday, February 27th, 2021 - OOTP Baseball 15.6 Build 34